 Dungeon Crawl Stone Soup version 0.29.1-1-gd02db6906a (webtiles) character file.

Game seed: 5285826132912520378

672 Mrkz the Ducker (level 7, -4/49 HPs)
             Began as a Djinni Hedge Wizard on Oct 22, 2022.
             Killed from afar by an orc wizard (9 damage)
             ... with a magic dart
             ... on level 5 of the Dungeon.
             The game lasted 00:14:34 (6353 turns).

Mrkz the Ducker (Djinni Hedge Wizard)               Turns: 6353, Time: 00:14:34

Health: -4/49      AC:  4    Str:  9    XL:     7   Next: 90%
Gold:   214        EV: 13    Int: 18    God:
                   SH:  0    Dex: 12

rFire   + + .      SeeInvis .   f - +1 short sword (flame)
rCold   x . .      Faith    .   (no shield)
rNeg    . . .      Spirit   .   b - +0 robe
rPois   ∞          Reflect  .   n - +2 hat
rElec   .          Harm     .   (no cloak)
rCorr   .          Rampage  .   (no gloves)
Will    .....                   (boots unavailable)
Stlth   +.........              (no amulet)
HPRegen 0.16/turn               (no ring)
MPRegen 0.00/turn               (no ring)

@: confused, flying
A: sickness immunity, fire resistance 2, cold vulnerability 1, float, innate
caster, HP casting, extra vitality 1
a: no special abilities


You were on level 5 of the Dungeon.
You visited 1 branch of the dungeon, and saw 5 of its levels.

You collected 214 gold pieces.

Inventory:

Hand Weapons
 f - a +1 short sword of flaming (weapon)
Armour
 b - a +0 robe (worn)
 n - a +2 hat (worn)
Magical Staves
 g - a staff of conjuration
Wands
 c - a wand of flame (11)
Scrolls
 a - a scroll of poison {unknown}
 d - a scroll of immolation {unknown}
 i - a scroll of butterflies
 j - a scroll of brand weapon {unknown}
 m - a scroll of teleportation {unknown}
 o - a scroll of magic mapping {unknown}
 p - a scroll of enchant weapon
 q - a scroll of fear {unknown}
Potions
 e - a potion of heal wounds
 h - 6 potions of curing
 k - a potion of brilliance
 l - a potion of resistance
 r - a potion of lignification {unknown}


   Skills:
 + Level 2.0 Fighting
 + Level 2.2 Short Blades
 * Level 4.4 Dodging
 + Level 3.7 Stealth
 * Level 4.4 Spellcasting


You couldn't memorise any spells.
You knew the following spells:

 Your Spells              Type           Power      Damage    Failure   Level
a - Magic Dart            Conj           76%        1d6       2%          1
b - Mephitic Cloud        Conj/Pois/Air  19%        N/A       7%          3
c - Call Imp              Summ           19%        N/A       3%          2
d - Searing Ray           Conj           38%        2d5       3%          2
e - Apportation           Tloc           38%        N/A       2%          1
f - Conjure Flame         Conj/Fire      19%        6-21      7%          3
g - Passwall              Tmut/Erth      15%        N/A       3%          2
h - Slow                  Hex            76%        N/A       2%          1
x - Blink                 Tloc           38%        N/A       3%          2
Your spell library was empty.

Dungeon Overview and Level Annotations

Branches:
Dungeon (5/15)
 Temple: D:4-7

Altars:

Shops:
D:4 =


Innate Abilities, Weirdness & Mutations

You are immune to sickness and miasma.
You are immune to poison.
Your flesh is very heat resistant. (rF++)
You are vulnerable to cold. (rC-)
You float through the air rather than walking.
You learn spells naturally, not from books.
Your magical power is your life essence.
You have superior vitality. (+4 MHP)


Message History

The searing ray hits the orc wizard.
The orc wizard is moderately wounded.
The searing ray hits the gnoll.
You kill the gnoll!
The searing ray hits the orc.
The orc is lightly wounded.
* * * LOW HITPOINT WARNING * * *
The orc wizard gestures at you while chanting.
The puff of flame hits you. You resist.
* * * LOW HITPOINT WARNING * * *
The searing ray misses the orc wizard.
The searing ray hits the gnoll.
The gnoll is lightly wounded.
The searing ray hits the gnoll.
The gnoll is heavily wounded.
* * * LOW HITPOINT WARNING * * *
The orc wizard points at you and mumbles some strange words.
The magic dart hits you but does no damage.
The searing ray hits the orc wizard.
The orc wizard is heavily wounded.
The searing ray misses the orc.
The searing ray hits the gnoll.
The gnoll is almost dead.
* * * LOW HITPOINT WARNING * * *
You finish channelling your searing ray.
The orc wizard hits you with a +0 dagger.
* * * LOW HITPOINT WARNING * * *
Casting: Searing Ray (safe; 3% risk of failure)
Confirm with . or Enter, or press ? or * to list all spells.
Aiming: Magic Dart (safe; 2% risk of failure)
Press: ? - help, Shift-Dir - straight line, f - orc wizard
Aim: an orc wizard, wielding a +0 dagger and wearing a +0 robe (heavily wounded, 100% to hit)
The magic dart hits the orc wizard.
The orc wizard is severely wounded.
* * * LOW HITPOINT WARNING * * *
The orc wizard casts a spell at you.
You are confused.
The orc wizard attacks as you move away!
The orc wizard closely misses you. The orc wizard casts a spell at you.
The magic dart hits you!
You die...

#.##### ## ##..##.#+# +#.#
#####...##...#####...##
#.....#.+......#...g..+
#.###..##......#......#
##.####>#.......#....?..
###...###.#....)..oo......
.......##.#.......#.......
###.......##....@.#......#
##.......'......#....)..
######.###...#####...##
#.# #.#.# .#.# #.# ###...
### ... ...... ### ......
... ...


You could see an orc wizard, a gnoll (confused) and an orc.

Vanquished Creatures
  A phantom (D:4)
  A necrophage (D:4)
  A water moccasin zombie (D:4)
  A water moccasin skeleton (D:4)
  A hound (D:4)
  2 jellies
  Ijyb (D:3)
  An iguana (D:4)
  2 orc wizards
  2 scorpion zombies (D:4)
  A hound zombie (D:4)
  2 gnolls (D:5)
  6 adders
  10 orcs
  8 endoplasms
  5 giant cockroaches
  7 hobgoblins
  10 kobolds
  3 quokkas
  4 ball pythons
  2 bats (D:1)
  2 frilled lizards (D:3)
  8 goblins
  5 rats
86 creatures vanquished.

Vanquished Creatures (others)
  4 plants
  3 withered plants (D:4)
7 creatures vanquished.

Grand Total: 93 creatures vanquished

Notes
Turn   | Place    | Note
-------+----------+-------------------------------------------
     0 | D:1      | Mrkz the Djinni Hedge Wizard began the quest for the Orb.
     0 | D:1      | Mrkz set off with the following spells memorised: Magic
                  | Dart, Blink, Call Imp, Slow, Conjure Flame, Mephitic Cloud.
     0 | D:1      | Reached XP level 1. HP: 15/15 MP: 0/0
   211 | D:1      | Reached XP level 2. HP: 7/21 MP: 0/0
  1176 | D:2      | Reached XP level 3. HP: 17/25 MP: 0/0
  1176 | D:2      | Learned a level 1 spell: Apportation
  1852 | D:2      | Found a faded altar of an unknown god.
  2008 | D:2      | Reached XP level 4. HP: 18/31 MP: 0/0
  3057 | D:3      | Reached XP level 5. HP: 26/36 MP: 0/0
  3057 | D:3      | Learned a level 2 spell: Passwall
  3579 | D:3      | Noticed Ijyb
  3606 | D:3      | Killed Ijyb
  3984 | D:4      | Found Paqayshryg's One-of-a-Kind Rings.
  4216 | D:4      | Reached skill level 1 in Fighting
  4216 | D:4      | Reached XP level 6. HP: 19/42 MP: 0/0
  4263 | D:4      | Reached skill level 1 in Short Blades
  4896 | D:4      | Identified the +1 leather armour of Distant Worlds {Slay+3
                  | Stlth+}
  5211 | D:4      | Reached XP level 7. HP: 32/47 MP: 0/0
  5211 | D:4      | Learned a level 2 spell: Searing Ray
  6075 | D:5      | Entered Level 5 of the Dungeon
  6353 | D:5      | Killed from afar by an orc wizard

Illustrated notes

Levels and vault maps discovered:
D:1:      elethiomel_arrival_infinity_welcomes_careful_drivers, layout_rooms,
          chequers_serial_rivers_large_a
D:2:      layout_basic, dreamdust_ecumenical_altar_grove,
          roderic_serpentine_path, minmay_worlds_worst_comb
D:3:      corexii_shack_village, layout_basic, chequers_serial_rivers_room_b,
          st_stairs_12, grunt_ministairs_5, hex_large, uniq_ijyb
D:4:      layout_loops_cross, serial_undead, serial_undead_c, serial_undead_c,
          serial_undead_f, serial_undead_a, nicolae_shop_unique_rings
D:5:      nicolae_cairo_tiling_very_big, layout_loops_ring,
          nicolae_overflow_crystal_walls

Skill      XL: |  1  2  3  4  5  6  7 |
---------------+----------------------+-----
Spellcasting   | 3 4 |  4.4
Stealth        | 2 3 |  3.7
Dodging        | 3 4 |  4.4
Fighting       | 1 2 |  2.0
Short Blades   | 1 2 |  2.2

Action                   |  1- 3 |  4- 6 |  7- 9 || total
-------------------------+-------+-------+-------++-------
Melee: Short sword       |     9 |   102 |    15 ||   126
       Punch             |       |     3 |       ||     3
 Cast: Magic Dart        |    64 |    87 |    36 ||   187
       Mephitic Cloud    |       |     4 |     2 ||     6
       Conjure Flame     |       |     8 |     3 ||    11
       Searing Ray       |       |       |     6 ||     6
  Use: Scroll            |       |     7 |       ||     7
 Stab: Sleeping          |     1 |     3 |       ||     4
       Confused          |       |     9 |       ||     9
Armor: Robe              |     3 |    27 |     9 ||    39
Dodge: Dodged            |    18 |    61 |    22 ||   101
